 Dungeon Crawl Stone Soup version 0.24-a0-613-g1ff6aac (webtiles) character file.

Game seed: 18350768220753362198, levelgen mode: deterministic

54 relicbr the Grave Robber (level 3, -4/24 HPs)
             Began as a Demonspawn Necromancer on Sept 10, 2019.
             Slain by a hound (5 damage)
             ... on level 4 of the Dungeon.
             The game lasted 00:03:30 (1376 turns).

relicbr the Grave Robber (Demonspawn Necromancer)   Turns: 1376, Time: 00:03:31

Health: -4/24      AC:  4    Str:  8    XL:     3   Next: 66%
Magic:  0/6        EV: 12    Int: 17    God:
Gold:   47         SH:  0    Dex: 13    Spells: 5/6 levels left

rFire    . . .     SeeInvis .   d - +0 dagger
rCold    . . .     Gourm    .   (no shield)
rNeg     . . .     Faith    .   a - +0 robe
rPois    .         Spirit   .   (no helmet)
rElec    .         Reflect  .   (no cloak)
rCorr    .         Harm     .   (no gloves)
MR       .....                  (no boots)
Stlth    ++........             (no amulet)
HPRegen  0.08/turn              (no ring)
MPRegen  0.10/turn              (no ring)

@: no status effects
A: thin metallic scales 1
a: no special abilities


You were on level 4 of the Dungeon.
You were not hungry.

You visited 1 branch of the dungeon, and saw 3 of its levels.

You collected 47 gold pieces.

Inventory:

Hand Weapons
 d - a +0 dagger (weapon)
Missiles
 b - a throwing net (quivered)
Armour
 a - a +0 robe (worn)
Jewellery
 e - an uncursed ring of magical power {unknown}
Scrolls
 h - a scroll of amnesia {unknown}
Potions
 g - a potion of haste {unknown}
Comestibles
 c - 2 rations
 f - 2 chunks of flesh


   Skills:
 - Level 1.7 Dodging
 - Level 1.7 Stealth
 - Level 2.0 Spellcasting
 * Level 6.0 Necromancy


You had 5 spell levels left.
You knew the following spells:

 Your Spells              Type           Power        Failure   Level  Hunger
a - Pain                  Necr           ###.         1%          1    #......

Your spell library contained the following spells:

 Spells                   Type           Power        Failure   Level  Hunger
 Animate Skeleton         Necr           N/A          1%          1    #......
 Vampiric Draining        Necr           ###.......   4%          3    ###....
 Animate Dead             Necr           N/A          16%         4    #####..
 Regeneration             Chrm/Necr      ##........   17%         3    ###....


Dungeon Overview and Level Annotations

Branches:
Dungeon (2/15)

Altars:


Innate Abilities, Weirdness & Mutations

You are partially covered in thin metallic scales. (AC +2)


Message History

The hound bites you.
* * * LOW HITPOINT WARNING * * *
You hit the hound but do no damage.
The hound is severely wounded.
The hound barely misses you.
You closely miss the hound.
The hound is severely wounded.
The hound completely misses you. The hound closely misses you.
You barely miss the hound.
The hound is severely wounded.
The hound closely misses you.
Casting: Pain (safe; 1% risk of failure)
Confirm with . or Enter, or press ? or * to list all spells.
Aiming: Pain (safe; 1% risk of failure)
Press: ? - help, Shift-Dir - straight line, f/p - hound
Aim: a hound (severely wounded, chance to defeat MR: 87%)
The hound writhes in agony.
The hound bites you.
* * * LOW HITPOINT WARNING * * *
The hound bites you.
You die...

..# #.. .. ...
.. #.# .#
##.##.# .....#
##.#..###
###.@.....#
#>..h.....#
#.#.......#
##.#[.(....#
#..........#
#..#.......#
..)..#.......#
#### ......###
###.#.##


You could see a hound.

Vanquished Creatures
  2 adders (D:2)
  A worm (D:2)
  A dart slug (D:1)
  2 leopard geckos
  A giant cockroach (D:1)
  5 goblins
  5 hobgoblins
  2 bats (D:1)
  4 kobolds (D:1)
  5 rats (D:1)
28 creatures vanquished.

Notes
Turn   | Place    | Note
-------+----------+-------------------------------------------
     0 | D:1      | relicbr the Demonspawn Necromancer began the quest for the
                  | Orb.
     0 | D:1      | Reached XP level 1. HP: 13/13 MP: 3/3
   132 | D:1      | Gained mutation: You are partially covered in thin metallic
                  | scales. (AC +2) [demonic ancestry]
   132 | D:1      | Reached XP level 2. HP: 16/19 MP: 0/5
   205 | D:1      | Reached skill level 5 in Necromancy
  1051 | D:2      | Reached XP level 3. HP: 24/24 MP: 6/6
  1339 | D:2      | Reached skill level 6 in Necromancy
  1358 | D:2      | You fall into a shaft and drop 2 floors!
  1376 | D:4      | HP: 1/24 [hound (4)]
  1376 | D:4      | Slain by a hound

Levels and vault maps discovered:
D:1:      nicolae_arrival_memento_mori, layout_basic, minmay_bisected
D:2:      layout_loops_ring, tgw_trog, minmay_pentomino_x4
D:4:      layout_loops_ring, gammafunk_ghost_icy

Skill      XL: |  1  2  3 |
---------------+----------+-----
Necromancy     | 5 6 |  6.0
Dodging        | |  1.7
Stealth        | |  1.7
Spellcasting   | |  2.0

Action                   || total
-------------------------++-------
Melee: Dagger            ||    16
 Cast: Pain              ||    46
 Stab: Sleeping          ||     2
  Eat: Chunk             ||     2
Armor: Robe              ||     6
Dodge: Dodged            ||    21

Table legend:
 A = Non-vault XP
 B = Vault XP
 C = Vault XP percentage of total XP
 D = Non-vault monster count
 E = Vault monster count
 F = Vault count percentage of total count
                 A         B        C        D         E       F
            +---------+---------+-------+---------+---------+-------
      Total |      78 |       0 |   0.0 |      28 |       0 |   0.0
            +---------+---------+-------+---------+---------+-------
        D:1 |      36 |       0 |   0.0 |      21 |       0 |   0.0
        D:2 |      42 |       0 |   0.0 |       7 |       0 |   0.0
            +---------+---------+-------+---------+---------+-------
